Map: Mothership LE

Players

Deluxe

  • Race: Terran Terran
  • Spawn Location: 6:00

partydoor - Winner!

  • Race: Terran Terran
  • League: Gold
  • Spawn Location: 9:00

VOD

Have the link to the VOD?

Description

Time

  • Played on: May 31, 2026, 4:11 p.m.
  • Length: 11:17
Show
View Real Time Build Order
Export as new Build Order

Deluxe Terran 

Build Orders:  

Get SALT Encoding   

  12  0:02  SCV  
  13  0:14  SCV  
  14  0:18  Supply Depot  
  14  0:26  SCV  
  15  0:39  SCV  
  15  0:42  Barracks  
  16  0:51  SCV  
  16  0:54  Refinery  
  17  1:03  SCV  
  18  1:15  SCV  
  19  1:28  SCV  
  20  1:35  Command Center  
  20  1:38  Barracks Reactor  
  20  1:40  SCV  
  21  2:15  Orbital Command  
  21  2:18  Marine  
  21  2:19  Marine  
  23  2:44  Supply Depot  
  23  2:45  Supply Depot  
  23  2:47  Marine x2, SCV  
  26  2:57  Supply Depot  
  26  2:59  SCV  
  26  3:00  Orbital Command  
  26  3:04  Marine x2  
  29  3:22  Marine x2  
  29  3:23  Refinery  
  31  3:30  Factory  
  31  3:41  Barracks  
  31  3:43  Marine x2  
  33  3:51  SCV  
  34  3:57  SCV  
  34  4:01  Marine x2  
  37  4:03  SCV  
  37  4:09  SCV  
  39  4:16  SCV  
  40  4:19  Marine x2  
  40  4:21  SCV  
  40  4:23  Factory Tech Lab  
  43  4:36  Marine  
  43  4:37  Marine  
  45  4:38  Engineering Bay  
  45  4:44  Barracks Tech Lab, Siege Tank  
  46  5:10  SCV  
  47  5:16  Siege Tank  
  47  5:20  Marine x3  
  53  5:22  SCV  
  54  5:34  SCV  
  52  5:38  Marine x3  
  54  5:48  Siege Tank  
  56  5:55  Terran Infantry Weapons Level 1  
  51  6:11  Missile Turret  
  48  6:20  Marine x2, Siege Tank  
  48  6:21  Marine  
  46  6:34  Missile Turret  
  46  6:39  Marine  
  42  6:52  Starport  
  44  6:55  Missile Turret  
  44  6:56  Marine  
  36  7:10  Marine  
  36  7:11  Marine  
  36  7:14  Marine  
  35  7:15  Cyclone  
  34  7:25  Missile Turret  
  34  7:28  Marine x2  
  35  7:32  Marine  
  32  7:46  Marine x2  
  32  7:48  Cyclone  
  32  7:50  Marine  
  38  7:56  Terran Infantry Armor Level 1  
  38  7:58  Combat Shield  
  35  8:02  SCV  
  35  8:04  Marine x2  
  38  8:07  SCV  
  38  8:08  Marine  
  40  8:14  SCV  
  40  8:19  SCV  
  42  8:20  Cyclone  
  42  8:22  Marine x2  
  42  8:25  Supply Depot  
  42  8:26  Marine, SCV  
  49  8:31  SCV  
  49  8:39  Marine  
  49  8:40  Marine  
  46  8:43  Marine, SCV  
  46  8:47  Supply Depot  
  45  8:52  Cyclone  
  47  9:03  Marine  
  47  9:09  Marine x2  
  48  9:11  Supply Depot  
  43  9:24  Siege Tank  
  43  9:26  Marine  
  43  9:44  Marine  
  44  9:56  Siege Tank  
  41  10:03  Marauder  
  33  10:21  Viking  
  32  10:31  Siege Tank  
Show
View Real Time Build Order
Export as new Build Order

partydoor Terran - Winner!

Build Orders: 1/1/1 

Get SALT Encoding   

  12  0:01  SCV  
  13  0:16  Supply Depot  
  13  0:18  SCV  
  14  0:24  Refinery  
  14  0:30  SCV  
  15  0:43  Barracks  
  15  0:51  Refinery  
  15  0:55  SCV  
  16  1:08  Supply Depot  
  16  1:12  SCV  
  17  1:24  SCV  
  18  1:38  Factory  
  18  1:57  Orbital Command  
  18  2:14  Marine  
  19  2:25  Starport  
  19  2:33  Factory Tech Lab, Marine  
  20  2:42  SCV  
  21  2:53  Supply Depot  
  21  2:54  SCV  
  21  2:58  Marine  
  23  3:10  Fusion Core  
  23  3:11  Banshee  
  26  3:16  Factory Tech Lab  
  26  3:17  Marine  
  27  3:57  Supply Depot  
  27  4:00  Battlecruiser  
  33  4:14  Cyclone  
  36  5:08  Siege Tank  
  36  5:09  Marine  
  40  5:27  Marine  
  41  5:45  Marine  
  42  6:11  Command Center  
  42  6:32  Battlecruiser  
  45  7:56  Battlecruiser  
  45  8:07  SCV  
  45  8:08  SCV  
  47  8:14  Supply Depot  
  47  8:15  Refinery  
  47  8:19  SCV  
  48  8:20  Factory, SCV  
  49  8:31  SCV  
  49  8:32  SCV  
  51  8:37  Supply Depot  
  51  8:59  Supply Depot  
  51  9:05  Factory  
  51  9:21  Battlecruiser  
Tags
 
League
Gold
Matchup
TvT
Opening
1/1/1
Race
Terran
Spawn Locations
Close Positions
Add a new tag
Caveats
  • Supply blocks, unpowered buildings, or Contaminate may cause inaccurate times.
  • Supply counts are checked every 10 seconds.